 Dungeon Crawl Stone Soup version 0.27-a0-679-g77a6b55cf3 (webtiles) character file.

Game seed: 17464991598369810392

9 sahdkjhfkaj the Ruffian (level 2, -1/29 HPs)
             Began as a Troll Delver on Mar 19, 2021.
             Killed from afar by a white imp (6 damage)
             ... with a puff of frost
             ... on level 4 of the Dungeon.
             The game lasted 00:00:19 (36 turns).

sahdkjhfkaj the Ruffian (Troll Delver)                Turns: 36, Time: 00:00:20

Health: -1/29      AC:  4    Str: 19    XL:     2   Next: 6%
Magic:  1/1        EV:  9    Int:  6    God:
Gold:   0          SH:  0    Dex: 11    Spells: 1/1 levels left

rFire    . . .     SeeInvis .     - Unarmed
rCold    . . .     Faith    .   (no shield)
rNeg     . . .     Spirit   .   a - +0 robe
rPois    .         Reflect  .   (helmet restricted)
rElec    .         Harm     .   (no cloak)
rCorr    .         Rampage  .   (gloves unavailable)
Will     .....                  (boots unavailable)
Stlth    ++........             (no amulet)
HPRegen  1.09/turn              h - ring of flight
MPRegen  0.07/turn              (no ring)

@: hasted, very quick
A: large, unfitting armour, claws 3, regeneration 1, shaggy fur 1, tough skin 1
a: Evoke Flight


You were on level 4 of the Dungeon.
You visited 1 branch of the dungeon, and saw 2 of its levels.

Inventory:

Armour
 a - a +0 robe (worn)
Jewellery
 h - a ring of flight (right claw)
Wands
 f - a wand of digging (3)
Scrolls
 b - a scroll of fog
 c - a scroll of magic mapping
 d - a scroll of fear


   Skills:
 - Level 2.4 Fighting
 - Level 1.5 Dodging
 - Level 2.7 Stealth
 + Level 2.8 Unarmed Combat


You had one spell level left.
You didn't know any spells.
Your spell library was empty.

Dungeon Overview and Level Annotations

Branches:
Dungeon (5/15)
 Temple: D:4-7

Altars:


Innate Abilities, Weirdness & Mutations

You are too large for most types of armour.
You have claws for hands.
Your natural rate of healing is unusually fast.
You are covered in fur. (AC +1)
You have tough skin. (AC +1)


Message History

The shadow imp gestures at you. Pain shoots through your body!
The white imp barely misses you.
You closely miss the white imp. The shadow imp hits you.
* * * LOW HITPOINT WARNING * * *
The white imp shouts, "Get thee hence, thou tottering kobold-kissing vassal!"
The white imp closely misses you.
You barely miss the white imp.
You feel sick. The shadow imp hits you.
* * * LOW HITPOINT WARNING * * *
Unknown command.
It was a potion of curing.
You feel better. The white imp gestures at you. The puff of frost hits you!
* * * LOW HITPOINT WARNING * * *
The shadow imp hits you.
* * * LOW HITPOINT WARNING * * *
Unknown command.
You feel yourself speed up.
The white imp hits you but does no damage.
The shadow imp hits you but does no damage.
Unknown command.
You scratch the white imp but do no damage.
The white imp closely misses you. The shadow imp hits you.
* * * LOW HITPOINT WARNING * * *
Unknown command.
Unknown command.
Unknown command.
Unknown command.
Unknown command.
There is a stone staircase leading up here.
Unknown command.
You climb upwards.
Found a ring mail.
Found a stone staircase leading up.
There is a stone staircase leading down here.
Unknown command.
Unknown command.
Unknown command.
Unknown command.
The white imp gestures at you. The puff of frost hits you.
You die...

....... .......
....... .......
....... .......
.....[. .......
....... ......<
....... .......
#.....##.......
#.....>@.......
#.......5<.....#
..............##
................
................
................
................
.....#..........


You could see a white imp.

Vanquished Creatures
  An adder (D:5)
1 creature vanquished.

Notes
Turn   | Place    | Note
-------+----------+-------------------------------------------
     0 | D:5      | sahdkjhfkaj the Troll Delver began the quest for the Orb.
     0 | D:5      | Reached XP level 1. HP: 22/22 MP: 0/0
    26 | D:5      | Reached XP level 2. HP: 23/29 MP: 1/1
    36 | D:4      | Killed from afar by a white imp

Illustrated notes

Levels and vault maps discovered:
D:4:      layout_cave_pools, minmay_temple_entry_hall, uniq_blork_the_orc
D:5:      layout_cave_pools, enter_ossuary_2, minmay_starry_boxes

Action                   || total
-------------------------++-------
Melee: Unarmed           ||    10
       Punch             ||     1
  Use: Potion            ||     2
Armor: Robe              ||     5
Dodge: Dodged            ||     7

Table legend: (Time is in decaauts)
 A = Elapsed time spent in this place.
 B = Non-inter-level travel time spent in this place.
 C = Inter-level travel time spent in this place.
 D = Time resting spent in this place.
 E = Time spent auto-exploring this place.
 F = Levels seen in this place.
 G = Mean time per level.
                   A        B        C        D        E       F      G
               +--------+--------+--------+--------+--------+-----+--------+
         Total |     33 |     33 |      0 |      0 |     12 |   2 |   16.5 |
       Dungeon |     33 |     33 |      0 |      0 |     12 |   2 |   16.5 |
               +--------+--------+--------+--------+--------+-----+--------+

Top non-repeatable levels by time:
     D:5: 32 daAuts
     D:4: 0 daAuts
